IL
IOWA CUBS @ EL PASO CHIHUAHUAS
09/14/2047
 
TOP OF THE 1ST
Iowa Cubs batting - Pitching for El Paso Chihuahuas : RHP Tom Ackerman
Pitching: RHP Tom Ackerman
Batting: SHB Seung-ho Zhang 0-0: Ground out 4-3 (Groundball, 34, EV 88.1 MPH)
Batting: RHB Rich Thurman 0-0: Ball
1-0: Ball
2-0: Called Strike
2-1: Foul Ball, location: 2F
2-2: Ground out 5-3 (Groundball, 5S, EV 89.4 MPH)
Batting: RHB Francisco Ramirez 0-0: Ball
1-0: Ball
2-0: Ball
3-0: SINGLE (Line Drive, 78S, EV 94.4 MPH)
Batting: RHB Lupe Covarrubias 0-0: Called Strike
0-1: Called Strike
0-2: Ball
1-2: Foul Ball, location: 2F
1-2: Ball
2-2: Ball
3-2: Foul Ball, location: 2F
3-2: Base on Balls
Francisco Ramirez to second
Batting: LHB Mark Ingram 0-0: Called Strike
0-1: Ball
1-1: Ground out 5-3 (Groundball, 56S, EV 60.6 MPH)
Top of the 1st over - 0 runs, 1 hit, 0 errors, 2 left on base; Iowa 0 - El Paso 0
BOTTOM OF THE 1ST
El Paso Chihuahuas batting - Pitching for Iowa Cubs : RHP Eric Allen
Pitching: RHP Eric Allen
Batting: RHB Matt Fabre 0-0: Called Strike
0-1: SINGLE (Line Drive, 8LS, EV 106.9 MPH)
Batting: RHB Andy Sheridan 0-0: Fly out, F3 (Popup, 3F, EV 70.6 MPH)
Batting: SHB Adam Martin 0-0: Called Strike
0-1: Ball
1-1: Foul Ball, location: 2F
1-2: Ball
2-2: Fly out, F6 (Popup, 6M, EV 61.2 MPH)
Batting: RHB Danny Bunn 0-0: Ball
1-0: Swinging Strike
1-1: Ground out 5-3 (Groundball, 56, EV 95.6 MPH)
Bottom of the 1st over - 0 runs, 1 hit, 0 errors, 1 left on base; Iowa 0 - El Paso 0
TOP OF THE 2ND
Iowa Cubs batting - Pitching for El Paso Chihuahuas : RHP Tom Ackerman
Batting: RHB Jose Balderrama 0-0: Called Strike
0-1: Ball
1-1: Ball
2-1: Ball
3-1: SINGLE (Groundball, 6M, EV 103.8 MPH)
Batting: RHB Leonardo Nava 0-0: Ball
1-0: Ball
2-0: Ball
3-0: Base on Balls
Jose Balderrama to second
Batting: LHB Angel Oropeza 0-0: Fielders Choice at 2nd, 4-6 (Groundball, 4, EV 78.8 MPH)
Jose Balderrama to third
Batting: RHB Adam Kelliher 0-0: Ball
1-0: Ball
2-0: Foul Ball, location: 2F
2-1: Fly out, F7 (Line Drive, 7, EV 93.1 MPH)
Runner from 3rd tags up, SCORES, no throw by LF
Batting: SHB Seung-ho Zhang 0-0: Ball
Angel Oropeza is caught stealing 2nd base 2-6
Top of the 2nd over - 1 run, 1 hit, 0 errors, 0 left on base; Iowa 1 - El Paso 0
BOTTOM OF THE 2ND
El Paso Chihuahuas batting - Pitching for Iowa Cubs : RHP Eric Allen
Batting: RHB Kiril Emeshin 0-0: Foul Ball, location: 2F
0-1: Ground out 4-3 (Groundball, 4D, EV 106.2 MPH)
Batting: LHB Curt Maxwell 0-0: SINGLE (Groundball, 4MD, EV 106.2 MPH)
Batting: RHB Dan Grable 0-0: Called Strike
0-1: Ball
1-1: Fly out, F9 (Flyball, 9S, EV 88.8 MPH)
Batting: RHB Adam Noyes 0-0: Called Strike
0-1: Ground out 4-3 (Groundball, 13, EV 81.9 MPH)
Bottom of the 2nd over - 0 runs, 1 hit, 0 errors, 1 left on base; Iowa 1 - El Paso 0
TOP OF THE 3RD
Iowa Cubs batting - Pitching for El Paso Chihuahuas : RHP Tom Ackerman
Batting: SHB Seung-ho Zhang 0-0: Fly out, F9 (Line Drive, 9, EV 100.6 MPH)
Batting: RHB Rich Thurman 0-0: Called Strike
0-1: Foul Ball, location: 2F
0-2: Foul Ball, location: 2F
0-2: Single, Error in OF, E9, batter to second base (Groundball, 34D, EV 100.0 MPH)
Batting: RHB Francisco Ramirez 0-0: Ground out 6-3 (Groundball, 6M, EV 102.5 MPH)
Rich Thurman to third
Batting: RHB Lupe Covarrubias 0-0: Foul Ball, location: 2F
0-1: Ball
1-1: Foul Ball, location: 2F
1-2: Foul Ball, location: 2F
1-2: Ball
2-2: Ball
3-2: Foul Ball, location: 2F
3-2: Base on Balls
Batting: LHB Mark Ingram 0-0: Called Strike
0-1: Ball
1-1: Foul Ball, location: 2F
1-2: Ball
2-2: Fly out, F7 (Flyball, 7S, EV 86.9 MPH)
Top of the 3rd over - 0 runs, 1 hit, 1 error, 2 left on base; Iowa 1 - El Paso 0
BOTTOM OF THE 3RD
El Paso Chihuahuas batting - Pitching for Iowa Cubs : RHP Eric Allen
Batting: SHB Ian Finley 0-0: Called Strike
0-1: Fly out, F9 (Line Drive, 9, EV 103.1 MPH)
Batting: RHB Matt Fabre 0-0: Ball
1-0: Called Strike
1-1: DOUBLE (Line Drive, 9LS, EV 111.9 MPH)
Batting: RHB Andy Sheridan 0-0: Called Strike
0-1: SINGLE (Groundball, 6MD, EV 103.8 MPH)
Matt Fabre to third
Runner from 3rd tries for Home, SAFE, throw by CF to home
Batting: SHB Adam Martin 0-0: Foul Ball, location: 2F
0-1: Ball
1-1: Ball
2-1: Ball
3-1: Base on Balls
Andy Sheridan to second
Batting: RHB Danny Bunn 0-0: Ball
1-0: Ball
2-0: Ball
3-0: Called Strike
3-1: Base on Balls
Andy Sheridan to third
Adam Martin to second
Batting: RHB Kiril Emeshin 0-0: Grounds into double play, 6-4-3 (Groundball, 6D, EV 87.5 MPH)
Bottom of the 3rd over - 1 run, 2 hits, 0 errors, 2 left on base; Iowa 1 - El Paso 1
TOP OF THE 4TH
Iowa Cubs batting - Pitching for El Paso Chihuahuas : RHP Tom Ackerman
Batting: RHB Jose Balderrama 0-0: Ball
1-0: Swinging Strike
1-1: SOLO HOME RUN (Flyball, 7D, EV 95.6 MPH), Distance : 378 ft
Batting: RHB Leonardo Nava 0-0: Foul Ball, location: 2F
0-1: Ball
1-1: Swinging Strike
1-2: Ground out U3 (Groundball, 34, EV 109.4 MPH)
Batting: LHB Angel Oropeza 0-0: Called Strike
0-1: Swinging Strike
0-2: Ball
1-2: Strikes out swinging
Batting: RHB Adam Kelliher 0-0: Ball
1-0: Foul Ball, location: 2F
1-1: Swinging Strike
1-2: Ball
2-2: Ground out 4-3 (Groundball, 4MD, EV 111.2 MPH)
Top of the 4th over - 1 run, 1 hit, 0 errors, 0 left on base; Iowa 2 - El Paso 1
BOTTOM OF THE 4TH
El Paso Chihuahuas batting - Pitching for Iowa Cubs : RHP Eric Allen
Batting: LHB Curt Maxwell 0-0: Ball
1-0: Ground out 4-3 (Groundball, 4, EV 97.5 MPH)
Batting: RHB Dan Grable 0-0: Fly out, F7 (Flyball, 78D, EV 100.0 MPH)
Batting: RHB Adam Noyes 0-0: Called Strike
0-1: Foul Ball, location: 2F
0-2: Foul Ball, location: 2F
0-2: Strikes out swinging
Bottom of the 4th over - 0 runs, 0 hits, 0 errors, 0 left on base; Iowa 2 - El Paso 1
TOP OF THE 5TH
Iowa Cubs batting - Pitching for El Paso Chihuahuas : RHP Tom Ackerman
Batting: SHB Seung-ho Zhang 0-0: Ball
1-0: Ball
2-0: Called Strike
2-1: Called Strike
2-2: Foul Ball, location: 2F
2-2: SINGLE (Line Drive, 78M, EV 109.4 MPH)
Pitching: RHP Ethan Massey
Batting: RHB Rich Thurman 0-0: Swinging Strike
0-1: SINGLE (Groundball, P, EV 80.0 MPH) (infield hit)
Seung-ho Zhang to second
Batting: RHB Francisco Ramirez 0-0: Ball
1-0: Fly out, F4 (Popup, 4S, EV 75.6 MPH)
Batting: RHB Lupe Covarrubias 0-0: Grounds into double play, 6-4-3 (Groundball, 6, EV 100.0 MPH)
Top of the 5th over - 0 runs, 2 hits, 0 errors, 1 left on base; Iowa 2 - El Paso 1
BOTTOM OF THE 5TH
El Paso Chihuahuas batting - Pitching for Iowa Cubs : RHP Eric Allen
Batting: SHB Ian Finley 0-0: Called Strike
0-1: Called Strike
0-2: Strikes out swinging
Batting: RHB Matt Fabre 0-0: Ball
1-0: Ball
2-0: Called Strike
2-1: SINGLE (Flyball, 4MD, EV 92.5 MPH)
Batting: RHB Andy Sheridan 0-0: Ball
1-0: Called Strike
1-1: Ground out 5-3 (Groundball, 56S, EV 83.8 MPH)
Matt Fabre to second
Batting: SHB Adam Martin 0-0: Called Strike
0-1: Ball
1-1: Ground out 6-3 (Groundball, 56, EV 80.6 MPH)
Bottom of the 5th over - 0 runs, 1 hit, 0 errors, 1 left on base; Iowa 2 - El Paso 1
TOP OF THE 6TH
Iowa Cubs batting - Pitching for El Paso Chihuahuas : RHP Ethan Massey
Batting: LHB Mark Ingram 0-0: Ball
1-0: Ball
2-0: Called Strike
2-1: Swinging Strike
2-2: Strikes out swinging
Batting: RHB Jose Balderrama 0-0: Ball
1-0: Ball
2-0: Foul Ball, location: 2F
2-1: Ball
3-1: Foul Ball, location: 2F
3-2: Fly out, F8 (Flyball, 89S, EV 88.1 MPH)
Batting: RHB Leonardo Nava 0-0: Ball
1-0: Ground out 5-3 (Groundball, 5S, EV 68.1 MPH)
Top of the 6th over - 0 runs, 0 hits, 0 errors, 0 left on base; Iowa 2 - El Paso 1
BOTTOM OF THE 6TH
El Paso Chihuahuas batting - Pitching for Iowa Cubs : RHP Eric Allen
Batting: RHB Danny Bunn 0-0: Called Strike
0-1: Ball
1-1: Ball
2-1: Ball
3-1: Fly out, F5 (Line Drive, 5, EV 62.5 MPH)
Batting: RHB Kiril Emeshin 0-0: Swinging Strike
0-1: Ball
1-1: SINGLE (Groundball, 3D, EV 96.2 MPH)
Batting: LHB Curt Maxwell 0-0: Ball
1-0: Swinging Strike
1-1: Foul Ball, location: 2F
1-2: Ball
2-2: Fielders Choice at 2nd, 4-6 (Groundball, 34, EV 86.9 MPH)
Batting: RHB Dan Grable 0-0: DOUBLE (Line Drive, 8RXD, EV 111.9 MPH)
Curt Maxwell to third
Batting: RHB Adam Noyes 0-0: Foul Ball, location: 2F
0-1: Ground out 5-3 (Groundball, 56S, EV 84.4 MPH)
Bottom of the 6th over - 0 runs, 2 hits, 0 errors, 2 left on base; Iowa 2 - El Paso 1
TOP OF THE 7TH
Iowa Cubs batting - Pitching for El Paso Chihuahuas : RHP Ethan Massey
Batting: LHB Angel Oropeza 0-0: Ball
1-0: Foul Ball, location: 2F
1-1: SINGLE (Groundball, 25, EV 65.0 MPH) (infield hit)
Batting: RHB Adam Kelliher 0-0: Bunted foul
0-1: Ball
1-1: Ball
2-1: Bunt missed!
2-2: DOUBLE (Line Drive, 3D, EV 95.6 MPH)
Angel Oropeza to third
Batting: SHB Seung-ho Zhang 0-0: Called Strike
0-1: Foul Ball, location: 2F
0-2: SINGLE (Groundball, 6, EV 102.5 MPH)
Angel Oropeza scores
Adam Kelliher to third
Runner from 3rd tries for Home, SAFE, throw by CF to home
Batting: RHB Rich Thurman 0-0: Bunted foul
0-1: Ball
1-1: Called Strike
Seung-ho Zhang steals 2nd base (no throw)
1-2: Ground out 6-3 (Groundball, 6, EV 90.6 MPH)
Seung-ho Zhang to third
Batting: RHB Francisco Ramirez 0-0: Ball
1-0: Swinging Strike
1-1: Foul Ball, location: 2F
1-2: Strikes out looking
Batting: RHB Lupe Covarrubias 0-0: Fly out, F9 (Flyball, 89M, EV 90.6 MPH)
Top of the 7th over - 2 runs, 3 hits, 0 errors, 1 left on base; Iowa 4 - El Paso 1
BOTTOM OF THE 7TH
El Paso Chihuahuas batting - Pitching for Iowa Cubs : RHP Eric Allen
Batting: SHB Ian Finley 0-0: Called Strike
0-1: Ground out 1-3 (Groundball, 13S, EV 71.9 MPH)
Batting: RHB Matt Fabre 0-0: Reached on error, E6 (Groundball, 6, EV 100.0 MPH)
Batting: RHB Andy Sheridan 0-0: Called Strike
Matt Fabre is caught stealing 2nd base 2-4
0-1: Ground out 6-3 (Groundball, 6D, EV 90.6 MPH)
Bottom of the 7th over - 0 runs, 0 hits, 1 error, 0 left on base; Iowa 4 - El Paso 1
TOP OF THE 8TH
Iowa Cubs batting - Pitching for El Paso Chihuahuas : RHP Ethan Massey
Pitching: RHP Johnny Marquez
Batting: LHB Mark Ingram 0-0: Called Strike
0-1: Ball
1-1: SOLO HOME RUN (Flyball, 78XD, EV 103.1 MPH), Distance : 430 ft
Batting: RHB Jose Balderrama 0-0: Ball
1-0: Ball
2-0: Called Strike
2-1: Ground out 6-3 (Groundball, 56, EV 85.6 MPH)
Batting: RHB Leonardo Nava 0-0: Called Strike
0-1: Ball
1-1: Foul Ball, location: 2F
1-2: Strikes out swinging
Batting: LHB Angel Oropeza 0-0: Ball
1-0: Called Strike
1-1: Fly out, F3 (Line Drive, 34, EV 67.5 MPH)
Top of the 8th over - 1 run, 1 hit, 0 errors, 0 left on base; Iowa 5 - El Paso 1
BOTTOM OF THE 8TH
El Paso Chihuahuas batting - Pitching for Iowa Cubs : RHP Eric Allen
Batting: SHB Adam Martin 0-0: Ball
1-0: Ball
2-0: Called Strike
2-1: Ground out 4-3 (Groundball, 4, EV 91.9 MPH)
Batting: RHB Danny Bunn 0-0: Ball
1-0: Foul Ball, location: 2F
1-1: Ball
2-1: Ground out 5-3 (Groundball, 56S, EV 83.1 MPH)
Batting: RHB Kiril Emeshin 0-0: Foul Ball, location: 2F
0-1: Ground out 5-3 (Groundball, 56S, EV 87.5 MPH)
Bottom of the 8th over - 0 runs, 0 hits, 0 errors, 0 left on base; Iowa 5 - El Paso 1
TOP OF THE 9TH
Iowa Cubs batting - Pitching for El Paso Chihuahuas : RHP Johnny Marquez
Batting: RHB Adam Kelliher 0-0: Ball
1-0: Ball
2-0: Foul Ball, location: 2F
2-1: Foul Ball, location: 2F
2-2: Fly out, F8 (Flyball, 8RD, EV 107.5 MPH)
Batting: SHB Seung-ho Zhang 0-0: Ball
1-0: Called Strike
1-1: Foul Ball, location: 2F
1-2: Foul Ball, location: 2F
1-2: Ground out 5-3 (Groundball, 56S, EV 89.4 MPH)
Batting: RHB Rich Thurman 0-0: Ball
1-0: Called Strike
1-1: Ball
2-1: Ball
3-1: Base on Balls
Batting: RHB Francisco Ramirez 0-0: Ball
1-0: Ball
2-0: Swinging Strike
2-1: SINGLE (Flyball, 9LS, EV 93.8 MPH)
Rich Thurman to second
Runner from 2nd tries for 3rd, SAFE, throw by RF made to third
Batting: RHB Lupe Covarrubias 0-0: Ball
1-0: Called Strike
1-1: Foul Ball, location: 2F
1-2: Ball
2-2: Strikes out swinging
Top of the 9th over - 0 runs, 1 hit, 0 errors, 2 left on base; Iowa 5 - El Paso 1
BOTTOM OF THE 9TH
El Paso Chihuahuas batting - Pitching for Iowa Cubs : RHP Eric Allen
Batting: LHB Curt Maxwell 0-0: Called Strike
0-1: Ground out U3 (Groundball, 3, EV 86.9 MPH)
Batting: RHB Dan Grable 0-0: Ball
1-0: Called Strike
1-1: Ball
2-1: Foul Ball, location: 2F
2-2: Fly out, F4 (Popup, 4S, EV 80.0 MPH)
Pitching: RHP Jorge Mora
Batting: RHB Adam Noyes 0-0: SINGLE (Groundball, 34, EV 102.5 MPH) (infield hit)
Batting: SHB Ian Finley 0-0: Ball
1-0: Ball
2-0: Ball
3-0: Base on Balls
Adam Noyes to second
Pitching: RHP Josh Ready
Batting: RHB Matt Fabre 0-0: Ball
1-0: DOUBLE (Flyball, 89D, EV 88.8 MPH)
Adam Noyes scores
Ian Finley to third
Batting: RHB Andy Sheridan 0-0: Ball
1-0: Ball
2-0: Called Strike
2-1: Foul Ball, location: 2F
2-2: Ball
3-2: Foul Ball, location: 2F
3-2: Foul Ball, location: 2F
3-2: SINGLE (Groundball, 56D, EV 108.8 MPH)
Ian Finley scores
Matt Fabre to third
Batting: SHB Adam Martin 0-0: Called Strike
0-1: Ball
1-1: Foul Ball, location: 2F
1-2: Ball
2-2: Ball
3-2: Base on Balls
Andy Sheridan to second
Batting: LHB Sammy Roddenberry 0-0: Foul Ball, location: 2F
0-1: Ball
1-1: Ball
2-1: Ball
3-1: Ground out 5-3 (Groundball, 5, EV 86.2 MPH)
Bottom of the 9th over - 2 runs, 3 hits, 0 errors, 3 left on base; Iowa 5 - El Paso 3
Thursday, December 15th , 2022 - OOTP Baseball 23.9 Build 102